 Dungeon Crawl Stone Soup version 0.15.0-13-gb296d5c (webtiles) character file.

140 Crauler the Charmwright (level 5, 0/27 HPs)
             Began as a Vine Stalker Skald on Sept 3, 2014.
             Killed by divine providence
             ... invoked by an orc priest
              (4 damage)
             ... on Level 4 of the Dungeon.
             The game lasted 00:04:16 (2233 turns).

Crauler the Charmwright (Vine Stalker Skald)        Turns: 2233, Time: 00:04:16

HP   0/27        AC  5     Str 15      XL: 5   Next: 22%
MP   0/11        EV 11     Int 12      God:
Gold 177         SH  0     Dex 14      Spells:  1 memorised,  8 levels left

rFire  . . .     SeeInvis .     k - +0 whip
rCold  . . .     Clarity  .     b - +0 leather armour
rNeg   . . .     rCorr    .     (no shield)
rPois  .         rRot     +     l - +0 helmet
rElec  .         Spirit   +     (no cloak)
SustAb .         Warding  .     v - +0 pair of gloves
rMut   .         Stasis   .     (no boots)
Gourm  .                        (no amulet)
MR     .....                    (no ring)
                                (no ring)

@: not resistant to hostile enchantments, very unstealthy
A: fangs 2, regeneration 1, magic shield, antimagic bite, no device heal 3, rot
immunity
a: no special abilities


You were on level 4 of the Dungeon.
You were not hungry.

You visited 1 branch of the dungeon, and saw 4 of its levels.

You collected 177 gold pieces.

Inventory:

Hand weapons
 a - a +0 mace
 k - a +0 whip (weapon)
Armour
 b - a +0 leather armour (worn)
 l - a +0 helmet (worn)
 m - a +0 shield
 v - a +0 pair of gloves (worn)
Magical devices
 y - a wand of slowing (9)
Comestibles
 d - 4 bread rations
 f - 2 beef jerkies
 h - a royal jelly
 t - a chunk of rat flesh
 x - a slice of pizza
Scrolls
 g - a scroll of recharging {unknown}
 i - 2 scrolls of fear {unknown}
 j - 4 scrolls of enchant weapon {unknown}
 n - 2 scrolls of identify {unknown}
 o - a scroll of teleportation {unknown}
 q - 2 scrolls of fog {unknown}
 r - a scroll of remove curse {unknown}
 s - a scroll of noise {unknown}
Potions
 e - 2 potions of might {unknown}
 p - a potion of restore abilities {unknown}
 u - a potion of invisibility {unknown}
 w - a potion of brilliance {unknown}
 z - a potion of curing {unknown}
Books
 c - a book of Battle

   Spells                             Type                      Level
   *Infusion                          Charms                       1
   Shroud of Golubria                 Charms/Translocation         2
   Song of Slaying                    Charms                       2
   Spectral Weapon                    Hexes/Charms                 3
   Regeneration                       Charms/Necromancy            3


   Skills:
 + Level 2.4 Fighting
 * Level 2.6 Maces & Flails
 + Level 1.4 Armour
 + Level 1.7 Dodging
 + Level 1.1 Shields
 + Level 2.5 Spellcasting
 + Level 3.4 Charms


You had 8 spell levels left.
You knew the following spells:

 Your Spells              Type           Power        Failure   Level  Hunger
a - Infusion              Chrm           #.....       8%          1    #......


Dungeon Overview and Level Annotations

Branches:
Dungeon (4/15)
 Temple: D:4-7

Altars:
Zin


Innate Abilities, Weirdness & Mutations

You have extremely sharp teeth.
Your natural rate of healing is unusually fast.
When hurt, damage is shared between your health and your magic reserves.
Your bite disrupts and absorbs the magic of your enemies.
Potions and wands cannot restore your health.
You are immune to rotting.


Message History

Something smites you!
* * * LOW HITPOINT WARNING * * *
You hit the orc wizard.
You bite the orc wizard, but do no damage.
The orc wizard is lightly wounded.
The orc wizard hits you with a dagger.
* * * LOW HITPOINT WARNING * * *
The orc wizard hits you but does no damage.
You hit the orc wizard. You bite the orc wizard.
The orc wizard's magic leaks into the air.
You drain its magic.
You feel invigorated.
You kill the orc wizard!
The orc wizard barely misses you.
An orc wizard comes into view. It is wielding a dagger.
You hit the orc wizard but do no damage.
Your bite misses the orc wizard.
The orc wizard is lightly wounded.
The orc priest mumbles some strange prayers to Beogh against you.
Something smites you!
You die...

#.# ########### . #.#
#.......# o#
#.......##o###
#............#
#.......# ...# #.
#..%....# ...#
#.#.####......(# s..
#..............##o#.##
....###.###.##..@)...#
#..##.......#####.##.#
#.............. ...
#.......####... ####
..#.##### #+# #...#
#.#.# #.#.# ..#..


You could see a scorpion, an orc priest and 2 orc wizards.

Vanquished Creatures
  An iguana (D:4)
  An orc wizard (D:4)
  Terence (D:3)
  4 worms
  A giant gecko (D:2)
  An ooze (D:1)
  An orc (D:3)
  4 goblins
  9 hobgoblins
  6 bats
  5 giant cockroaches
  5 giant newts
  6 kobolds
  4 rats
49 creatures vanquished.

Notes
Turn   | Place    | Note
--------------------------------------------------------------
     0 | D:1      | Crauler, the Vine Stalker Skald, began the quest for the Orb.
     0 | D:1      | Reached XP level 1. HP: 11/11 MP: 3/3
   122 | D:1      | Reached XP level 2. HP: 13/15 MP: 5/5
   288 | D:1      | Reached skill level 1 in Armour
   706 | D:2      | Reached skill level 1 in Dodging
   706 | D:2      | Reached XP level 3. HP: 1/18 MP: 0/7
  1493 | D:3      | Noticed Terence
  1510 | D:3      | Reached XP level 4. HP: 23/23 MP: 9/9
  1538 | D:3      | Killed Terence
  1677 | D:3      | Found a glowing silver altar of Zin.
  1973 | D:4      | HP: 1/23 [iguana (4)]
  1974 | D:4      | Reached skill level 1 in Shields
  2062 | D:4      | Noticed a phantom
  2227 | D:4      | Reached XP level 5. HP: 10/27 MP: 7/11
  2233 | D:4      | Killed from afar by an orc priest

Action                   |  1- 3 |  4- 6 || total
-------------------------+-------+-------++-------
Melee: Mace              |    47 |       ||    47
       Whip              |    76 |    92 ||   168
 Cast: Infusion          |     1 |       ||     1
Evoke: Wand              |       |     1 ||     1
 Stab: Sleeping          |     1 |       ||     1
  Eat: Chunk             |     2 |     2 ||     4
